 Dungeon Crawl Stone Soup version 0.17-a0-1951-g62301d3 (webtiles) character file.

84 Ordine the Twirler (level 4, -1/37 HPs)
             Began as a Minotaur Gladiator on Oct 3, 2015.
             Was an Initiate of Okawaru.
             Slain by an orc wizard
             ... wielding a +0 dagger
              (2 damage)
             ... on level 3 of the Dungeon.
             The game lasted 00:05:05 (1521 turns).

Ordine the Twirler (Minotaur Gladiator)             Turns: 1521, Time: 00:05:05

Health: -1/37      AC:  6    Str: 20    XL:     4   Next: 24%
Magic:  3/3        EV:  6    Int:  5    God:    Okawaru [......]
Gold:   86         SH:  0    Dex: 11    Spells: 0 memorised, 3 levels left

rFire  . . .     SeeInvis .     a - +1 quarterstaff
rCold  . . .     Clarity  .     o - +0 scale mail
rNeg   . . .     SustAt   .     (no shield)
rPois  .         Gourm    .     c - +0 hat
rElec  .         Spirit   .     (no cloak)
rCorr  .         Warding  .     (no gloves)
rMut   .         Stasis   .     (no boots)
MR     .....                    (no amulet)
Stlth  ..........               (no ring)
                                (no ring)

@: not resistant to hostile enchantments, extremely unstealthy
A: retaliatory headbutt, horns 2
a: Renounce Religion


You were on level 3 of the Dungeon.
You worshipped Okawaru.
Okawaru was noncommittal.
You were not hungry.

You visited 1 branch of the dungeon, and saw 3 of its levels.

You collected 86 gold pieces.

Inventory:

Hand weapons
 a - a +1 quarterstaff (weapon)
Missiles
 d - 3 throwing nets (quivered)
Armour
 c - a +0 hat (worn)
 o - a +0 scale mail (worn)
Scrolls
 b - a scroll of identify
 n - a scroll of remove curse
Potions
 i - a potion of agility
 j - a potion of haste
 l - a potion of magic
Comestibles
 e - 2 bread rations
 f - 3 meat rations
 g - 2 chunks of flesh
 k - a fruit


   Skills:
 - Level 2.4 Fighting
 * Level 5.6 Staves
 - Level 2.0 Throwing
 + Level 1.6 Armour
 + Level 3.5 Dodging


You had 3 spell levels left.
You didn't know any spells.

Dungeon Overview and Level Annotations

Branches:
Dungeon (3/15)

Altars:
Nemelex Xobeh
Okawaru
Beogh


Innate Abilities, Weirdness & Mutations

You reflexively headbutt those who attack you in melee.
You have a pair of horns on your head.


Message History

The orc wizard gestures at you while chanting.
The puff of flame hits you! The orc misses you.
The orc wizard gestures at you while chanting.
The puff of frost hits you!
* * * LOW HITPOINT WARNING * * *
The orc wizard barely misses you.
You see here a tomahawk.
The orc wizard hits you with a dagger.
* * * LOW HITPOINT WARNING * * *
Things that are here:
a hand axe; an orc corpse You see here a tomahawk.
The orc wizard hits you with a dagger.
* * * LOW HITPOINT WARNING * * *
Drink which item? (? for menu, Esc to quit)
Okay, then.
The orc wizard hits you but does no damage.
There is a stone staircase leading up here.
The orc wizard hits you with a dagger.
You die...

.# .. ###.# #
###.#.###.#
#@.........
#o#........
...###o#.#o#...#
........(.....#
....###!#)#.#.#
.. #.#(..#
#.#...#
.......).......
..#####...#.#.#


You could see 2 orc wizards and an orc.

Vanquished Creatures
  An orc wizard (D:3)
  A gnoll (D:1)
  2 adders (D:2)
  A worm (D:2)
  An orc (D:3)
  2 giant cockroaches
  5 hobgoblins
  4 bats (D:1)
  6 goblins
  3 kobolds (D:1)
  6 rats
32 creatures vanquished.

Notes
Turn   | Place    | Note
--------------------------------------------------------------
     0 | D:1      | Ordine the Minotaur Gladiator began the quest for the Orb.
     0 | D:1      | Reached XP level 1. HP: 18/18 MP: 0/0
   273 | D:1      | Reached skill level 4 in Staves
   357 | D:1      | Reached XP level 2. HP: 25/25 MP: 1/1
   400 | D:1      | Found a sparkling altar of Nemelex Xobeh.
   656 | D:1      | Found a roughly hewn altar of Beogh.
   656 | D:1      | Noticed an orc wizard
   672 | D:1      | Reached skill level 5 in Staves
   902 | D:1      | Noticed an orc wizard
   921 | D:1      | Noticed an orc warrior
   982 | D:2      | Reached XP level 3. HP: 30/30 MP: 2/2
  1098 | D:2      | Found an iron altar of Okawaru.
  1120 | D:2      | Became a worshipper of Warmaster Okawaru
  1289 | D:2      | Reached skill level 1 in Armour
  1512 | D:3      | Reached XP level 4. HP: 27/37 MP: 3/3
  1518 | D:3      | HP: 1/37 [orc wizard/dagger (4)]
  1521 | D:3      | Slain by an orc wizard

Vault maps used:
D:1:      erik_arrival_cave_to_civilisation, minmay_misc_feat_secret_circle,
          hangedman_decor_diamond_cutter, minivault_26, nemelex_deck
D:2:      overflow_temple_1_default
D:3:      kennysheep_six_static_rooms, nicolae_overflow_crystal_walls,
          first_bread, uniq_sigmund

Action                   |  1- 3 |  4- 6 || total
-------------------------+-------+-------++-------
Melee: Quarterstaff      |    57 |     2 ||    59
  Use: Scroll            |    10 |       ||    10
  Eat: Chunk             |     2 |       ||     2
